[Event "*** SCC Grand Prix: Titled Tuesday Blitz"]
[Site "Chess.com"]
[Date "2020.10.06"]
[Round "10"]
[White "GigaQuparadze"]
[Black "frederiksvane"]
[Result "1/2-1/2"]
[WhiteElo "2977"]
[BlackElo "2686"]
[TimeControl "180+1"]
[EndTime "11:58:57 PDT"]
[Termination "Game drawn by repetition"]

1. e4 c5 2. Nf3 g6 3. c3 d5 4.
exd5 Qxd5 5. d4 Bg7 6. Be3 cxd4 7.
cxd4 Qa5+ 8. Nc3 Nh6 9. Bb5+ Bd7 10. Qb3 O-O 11. Bxh6 Bxh6 12. O-O Bxb5 13. Nxb5 Nd7 14. Rfe1 e6 15. Nd6 Rab8 16. Ne5 Nxe5 17. dxe5 Rfd8 18. h4 Bf8 19. Red1 Bxd6 20. exd6 Rd7 21. Rd4 Rbd8 22. Rad1 Qc5 23. Qd3 h5 24. a3 Qe5 25.
Qd2 Kh7 26. g3 Qc5 27. b4 Qe5 28. Qd3 Kg8 29. Kg2 Kh7 30. Rd2 Kg8 31. Re2 Qf5 32.
Qd1 Qf6 33. Red2 Qe5 34. R2d3 Kh7 35. Qd2 Kg8 36. Re3 Qg7 37. Qd1 Qf6 38. Rd2 Qf5 39.
a4 b6 40. b5 Qc5 41. Red3 Qe5 42. Rd4 Qc5 43. R2d3 Kh7 44. Qd2 Kg8 45. Rc3 Qe5 46.
Rc6 Kh7 47. Qd3 Kg8 48. Qe3 Qxe3 49. fxe3 Kg7 50. Kf3 f5 51. Rc7 Kf6 52. Rdc4 e5 53. R4c6 Ke6 54. e4 Rxd6 55. exf5+ gxf5 56. Rxd6+ Rxd6 57. Rxa7 Rd3+ 58. Kf2 Ra3 59. Ra6 Kd5 60. Rxb6 Rxa4 61. Rh6 Rb4 62. b6 Ke4 63. Kg2 Rb2+ 64. Kh3 f4 65. gxf4 exf4 66. Rxh5 Rxb6 67. Rh8 Kf3 68. h5 Rb1 69. Kh4 Rh1+ 70. Kg5 Kg3 71. h6 f3 72. Rf8 f2 73. Kg6 Kg2 74. h7 f1=Q 75. Rxf1 Kxf1 76. Kg7 Rg1+ 77. Kf8 Rh1 78. Kg7 Rg1+ 79. Kf8 Rh1 80. Kg7 1/2-1/2

[Event "*** SCC Grand Prix: Titled Tuesday Blitz"]
[Site "Chess.com"]
[Date "2020.10.06"]
[Round "10"]
[White "SharapovEvgeny"]
[Black "elamier"]
[Result "1-0"]
[WhiteElo "2478"]
[BlackElo "2359"]
[TimeControl "180+1"]
[EndTime "11:58:57 PDT"]
[Termination "SharapovEvgeny won by resignation"]

1. c4 e5 2. Nc3 Nc6 3. g3 Nf6 4. Bg2 Bb4 5. Nd5 O-O 6. Nxb4 Nxb4 7. a3 Nc6 8. d3 h6 9. Nf3 d6 10. O-O Be6 11. b4 Qd7 12. Bb2 Bh3 13. b5 Ne7 14. Qc2 Qg4 15. a4 Qh5 16. Rfe1 Bxg2 17. Kxg2 Ng6 18.
h3 Rae8 19. e4 Nh7 20. Qe2 f5 21. exf5 Qxf5 22. Qe4 Qf7 23. Qd5 Re6 24. Re2 b6 25. Rf1 Nf6 26. Qb7 Nh5 27. Bc1 e4 28. Nh2 exd3 29.
Rxe6 Qxe6 30. Qd5 Qxd5+ 31. cxd5 Rf5 32. g4 Nhf4+ 33. Bxf4 Rxf4 34. Rd1 Rd4 35. Kf3 Ne5+ 36. Ke3 Rxd5 37. f4 Nc4+ 38. Ke4 Rc5 39. Rxd3 Nb2 40.
Re3 Nxa4 41. Kd4 Kf8 42. Nf3 Nb2 43. f5 Rxb5 44. Nh4 Re5 45. Ng6+ Kf7 46. Nxe5+ dxe5+ 47. Rxe5 Na4 48. Re6 Nc5 49. Rc6 Na6 50. Kc4 Nc5 51. Rxc7+ Kf6 52. Rxa7 Ne4 53. Ra6 Nf2 54. Rxb6+ Kf7 55.
Kd5 Nxh3 56. Ke4 Ng5+ 57. Kf4 Nh7 58. Rb7+ Kf8 59. Rb6 Kf7 60. Ke5 Nf6 61. Rxf6+ gxf6+ 62. Kd6 h5 63. gxh5 Kg7 64. Ke6 Kh6 65. Kxf6 1-0

[Event "*** SCC Grand Prix: Titled Tuesday Blitz"]
[Site "Chess.com"]
[Date "2020.10.06"]
[Round "10"]
[White "vaishali2001"]
[Black "SanchezKelvin"]
[Result "1-0"]
[WhiteElo "2548"]
[BlackElo "2398"]
[TimeControl "180+1"]
[EndTime "11:58:58 PDT"]
[Termination "vaishali2001 won on time"]

1. e4 c5 2. Nf3 d6 3. d4 cxd4 4. Nxd4 Nf6 5. Nc3 g6 6. Be2 Bg7 7. O-O O-O 8. Re1 Nc6 9. Nb3 Be6 10. Bf1 d5 11. exd5 Nxd5 12. Ne4 Nb6 13. c3 Qxd1 14. Rxd1 Rad8 15. Re1 Bc8 16. a4 Nd7 17. a5 Nf6 18. Nxf6+ Bxf6 19. a6 b6 20. Nd2 Be6 21. Nc4 Bxc4 22.
Bxc4 Ne5 23. Bb5 Nd3 24. Bxd3 Rxd3 25. Bf4 Rfd8 26. Kf1 g5 27. Bc7 Rc8 28. Be5 Kg7 29. Bg3 Rcd8 30. f3 R3d5 31. Bf2 Rd2 32. Re2 R2d5 33. Be3 Kg6 34. g4 e6 35. Kf2 h5 36. h3 hxg4 37. hxg4 Rh8 38. Kg2 Be5 39.
Bg1 Bb8 40. c4 Rd3 41. b4 Rc8 42. c5 b5 43. Ra5 Rd1 44. Rxb5 Bf4 45. Rb7 Rcd8 46. Bf2 R8d2 47. Rxd2 Rxd2 48. Kf1 Rd1+ 49. Ke2 Rd2+ 50. Ke1 Ra2 51. Bd4 Bd2+ 52. Kd1 Bf4 53.
Bc3 Rxa6 54. Kc2 Ra2+ 55. Kb3 1-0

[Event "*** SCC Grand Prix: Titled Tuesday Blitz"]
[Site "Chess.com"]
[Date "2020.10.06"]
[Round "10"]
[White "Bastiandash"]
[Black "PavelChernomordik"]
[Result "1-0"]
[WhiteElo "2285"]
[BlackElo "2349"]
[TimeControl "180+1"]
[EndTime "11:58:58 PDT"]
[Termination "Bastiandash won on time"]

1. d4 g6 2. c3 Bg7 3. Nf3 d6 4.
Bg5 h6 5. Bh4 b6 6. Nbd2 Bb7 7.
e4 Nd7 8. Be2 c5 9. O-O cxd4 10.
cxd4 g5 11. Bg3 g4 12. Nh4 Bxd4 13. Bxg4 Bxb2 14. Rb1 Bf6 15. f4 e6 16. Nhf3 h5 17. Bh3 Rc8 18. e5 Be7 19. f5 Nc5 20. fxe6 Nxe6 21. Bxe6 fxe6 22. Nd4 dxe5 23. Nxe6 Qd5 24. Ng7+ Kd8 25. Nf3 Nf6 26. Nxe5 Bc5+ 27. Kh1 Ke7 28.
Qxd5 Bxd5 29. Ng6+ Kf7 30. Be5 Kxg6 31. Rxf6+ Kxg7 32. Rd6+ Kh7 33. Rxd5 Rhd8 34. Rbd1 Rxd5 35. Rxd5 Bd6 36. h4 Bxe5 37. Rxe5 Rc2 38. Re7+ Kg6 39.
Rxa7 Kf5 40. Ra4 b5 41. Rb4 Rxa2 42. Rxb5+ Kg4 43. Kh2 Kxh4 44. Rb4+ Kg5 45. Kh3 Ra3+ 46. g3 Rd3 47. Rb5+ Kg6 48. Kh4 Rd4+ 49. Kh3 Rd3 50. Rb4 Re3 51. Rd4 Kg5 52. Rd5+ Kg6 53. Rb5 1-0

[Event "*** SCC Grand Prix: Titled Tuesday Blitz"]
[Site "Chess.com"]
[Date "2020.10.06"]
[Round "10"]
[White "Trickov"]
[Black "Margarita2907"]
[Result "1-0"]
[WhiteElo "2370"]
[BlackElo "2173"]
[TimeControl "180+1"]
[EndTime "11:59:02 PDT"]
[Termination "Trickov won on time"]

1. d4 d5 2. Nf3 Nf6 3. c4 e6 4. g3 Be7 5. Bg2 O-O 6. O-O c6 7. b3 b6 8. Nc3 Bb7 9. Qc2 Na6 10. Rd1 Rc8 11. e4 c5 12. dxc5 Bxc5 13. exd5 exd5 14. Bg5 Nb4 15. Qb2 h6 16. Bxf6 Qxf6 17. a3 Na6 18. cxd5 Bxf2+ 19. Qxf2 Rxc3 20. b4 Rfc8 21. Ra2 Rc1 22.
Rd2 Qa1 23. Qf1 Qxa3 24. d6 Rxd1 25. Rxd1 Qxb4 26. d7 Rd8 27. Ne5 Qc5+ 28. Qf2 Qxe5 29. Bxb7 Nc5 30. Bc6 Qc7 31. Qf3 Nxd7 32. Qd5 Rc8 33.
Bxd7 Rf8 34. Bb5 Qc2 35. Bc4 a5 36. Bb3 Qe2 37. Rf1 Qe3+ 38. Kh1 Qe7 39. h4 Qc7 40. Kg2 Qe7 41. Rf2 Qc7 42. Kh2 Qe7 43. Qc4 Qd7 44. Kg2 Qa7 45. Qd5 Qc7 46. Bc4 Qe7 47. Re2 Qc7 48.
Bb3 Qa7 49. Qd6 a4 50. Ba2 Qb7+ 51. Qd5 Qa7 52. Rb2 a3 53. Rc2 b5 54. Qxb5 Qe3 55.
Qe2 1-0

[Event "*** SCC Grand Prix: Titled Tuesday Blitz"]
[Site "Chess.com"]
[Date "2020.10.06"]
[Round "10"]
[White "DenisQ"]
[Black "26andrej26"]
[Result "1-0"]
[WhiteElo "2677"]
[BlackElo "2544"]
[TimeControl "180+1"]
[EndTime "11:59:03 PDT"]
[Termination "DenisQ won by checkmate"]

1. Nf3 Nf6 2. c4 g6 3. Nc3 Bg7 4. g3 d6 5. Bg2 O-O 6. O-O a6 7. d3 c5 8. Rb1 Nc6 9. a3 Rb8 10. b4 cxb4 11. axb4 b5 12. cxb5 axb5 13. Bd2 Bd7 14.
Qb3 h6 15. Rfc1 g5 16. e3 g4 17. Ne1 Ne5 18. Ne2 Bf5 19. Nd4 Bg6 20. Nc6 Nxc6 21. Rxc6 Nd7 22. Rbc1 Ne5 23. R6c3 Qb6 24. Bf1 Nf3+ 25.
Nxf3 Bxc3 26. Rxc3 gxf3 27. Qd1 Qb7 28. e4 Rbc8 29. Rxc8 Rxc8 30. Qxf3 Kh7 31. Qf4 Rh8 32.
Qxh6+ Kg8 33. Qg5 Rh5 34. Qg4 Qc7 35. h4 Qc2 36. Bg5 Kf8 37. Qd7 Rxg5 38. hxg5 Qd2 39.
Qxb5 Bh5 40. Qb6 Qd1 41. Qe3 Qb3 42. Qd2 Qb1 43. Kg2 Kg8 44. Be2 Bxe2 45. Qxe2 Qxb4 46. Qf3 Qb5 47. Qe3 Kg7 48. f4 Qb2+ 49. Kh3 Qb1 50. Qf3 Qe1 51. f5 Qd2 52. f6+ exf6 53. Qxf6+ Kg8 54.
Qxd6 Qe2 55. Qd8+ Kh7 56. Qf6 Qh5+ 57. Kg2 Qe2+ 58. Qf2 Qxd3 59. Qxf7+ Kh8 60. Qf6+ Kg8 61. Qg6+ Kh8 62. Qf5 Qe2+ 63. Kg1 Qe1+ 64. Kh2 Qe2+ 65. Kg1 Qe1+ 66. Kg2 Qe2+ 67. Qf2 Qxe4+ 68. Qf3 Qc2+ 69. Kh3 Qh7+ 70. Kg4 Qd7+ 71. Qf5 Qd4+ 72. Kh5 Qd1+ 73. Kg6 Qd7 74. Qf8# 1-0

[Event "*** SCC Grand Prix: Titled Tuesday Blitz"]
[Site "Chess.com"]
[Date "2020.10.06"]
[Round "10"]
[White "Moultino06"]
[Black "Miss_JJ20"]
[Result "1-0"]
[WhiteElo "2644"]
[BlackElo "2473"]
[TimeControl "180+1"]
[EndTime "11:59:05 PDT"]
[Termination "Moultino06 won on time"]

1. b3 e5 2. Bb2 Nc6 3. Nf3 e4 4. Nd4 Nxd4 5. Bxd4 d5 6. e3 Nf6 7. c4 c5 8. Bxf6 Qxf6 9. Nc3 d4 10. Nxe4 Qe5 11. Bd3 Be7 12. O-O O-O 13. f4 Qc7 14.
exd4 cxd4 15. Qh5 f5 16. Ng5 h6 17. Rae1 Bd6 18. Ne6 Qf7 19. Qxf7+ Rxf7 20. Nxd4 Bc5 21. Re8+ Rf8 22. Rfe1 Bxd4+ 23. Kf1 Bd7 24. Rxa8 Rxa8 25. Re7 Bc6 26. Bxf5 Re8 27. Be6+ Kh8 28. Rxe8+ Bxe8 29. Bd5 b6 30. Ke2 Bg6 31. d3 Bf5 32. Be4 g6 33. Kf3 Kg7 34. g4 Bd7 35. g5 h5 36.
h4 Bf5 37. b4 Kf7 38. b5 Ke6 39. Ke2 Kd6 40. a3 Bb2 41. Kd2 Bxa3 42. Bxf5 gxf5 43.
d4 Kd7 44. Kc2 Bf8 45. Kd3 Bd6 46. Ke3 Bf8 47. Kd3 Bg7 48. Ke3 Kc7 49. Kd3 Kb7 50. c5 Kc7 51. Kc4 Bf8 52. Kd5 Bg7 53. c6 Kc8 54.
Ke6 Bxd4 55. Kxf5 Kc7 56. Ke6 Bb2 57. f5 1-0

[Event "*** SCC Grand Prix: Titled Tuesday Blitz"]
[Site "Chess.com"]
[Date "2020.10.06"]
[Round "10"]
[White "PavelShkapenko"]
[Black "Shield12"]
[Result "1-0"]
[WhiteElo "2750"]
[BlackElo "2834"]
[TimeControl "180+1"]
[EndTime "11:59:06 PDT"]
[Termination "PavelShkapenko won on time"]

1. e4 c5 2. c3 e5 3. Nf3 Nc6 4.
Bc4 Be7 5. O-O Nf6 6. Re1 Nxe4 7. d3 d5 8. Bb5 Nd6 9. Bxc6+ bxc6 10. Nxe5 Bb7 11.
Qa4 Qc7 12. Be3 Nf5 13. Bf4 Qc8 14. Nd2 O-O 15. Nef3 Bf6 16. Nb3 Be7 17. Qa5 Ba6 18. Nxc5 Bb5 19. a4 Bxc5 20. axb5 f6 21. bxc6 Qxc6 22.
d4 Bb6 23. Qa4 Qxa4 24. Rxa4 Rfe8 25. Raa1 g5 26. Bg3 h5 27. h3 Kf7 28. Rxe8 Rxe8 29.
Re1 Rc8 30. Kf1 Rc4 31. Nd2 Ra4 32. Bh2 Ra2 33. Rb1 a5 34. Ke2 a4 35. Kd3 Ba5 36.
Kc2 g4 37. hxg4 hxg4 38. Nf1 Ne7 39. Ne3 f5 40. Bd6 Ng6 41. Bc5 Ke6 42. g3 f4 43. gxf4 Nxf4 44. Nxg4 Kf5 45. Ne3+ Ke4 46. Bb4 Bxb4 47. cxb4 Kxd4 48. Rd1+ Ke4 49. b5 d4 50. Nc4 Nd5 51. Kb1 Nc3+ 52. bxc3 Rxf2 53. Rxd4+ Kf5 54.
b6 Ke6 55. Na5 Rf8 56. Rxa4 1-0

[Event "*** SCC Grand Prix: Titled Tuesday Blitz"]
[Site "Chess.com"]
[Date "2020.10.06"]
[Round "10"]
[White "flexova"]
[Black "Zq1"]
[Result "1-0"]
[WhiteElo "2398"]
[BlackElo "2493"]
[TimeControl "180+1"]
[EndTime "11:59:06 PDT"]
[Termination "flexova won on time"]

1. e4 c5 2. Nf3 d6 3. Bb5+ Bd7 4. Bxd7+ Nxd7 5. c4 Ngf6 6. Nc3 e6 7. O-O Be7 8. d4 cxd4 9. Nxd4 a6 10. b3 O-O 11.
Re1 Qc7 12. Bb2 Rac8 13. Qd2 Rfd8 14. Rad1 b6 15. h3 Qb7 16. Qe2 g6 17. g4 Nc5 18.
f4 e5 19. Nf3 Ne6 20. fxe5 dxe5 21. Nxe5 Bc5+ 22. Kh1 Nd4 23. Qg2 Qe7 24. Nf3 Nxf3 25. Qxf3 Rxd1 26. Nxd1 Nd7 27. Rf1 Rf8 28. Ne3 f6 29.
Nd5 Qe6 30. Kg2 Bd6 31. Nf4 Qe7 32. Rd1 Ne5 33. Bxe5 Qxe5 34. Ne2 Qh2+ 35. Kf1 Kg7 36. Rd5 Be5 37. Qg2 Qxg2+ 38. Kxg2 Re8 39. Kf3 Kh6 40. Rd7 f5 41. gxf5 gxf5 42. exf5 Bf6 43. Nf4 Kg5 44.
Rd5 Re5 45. Ne6+ Kxf5 46. Rxe5+ Bxe5 47. Nd8 Bd4 48. Nc6 Bg1 49. a4 Ke6 50. Ke4 Kd6 51.
Ne5 Kc5 52. Nd3+ Kc6 53. b4 b5 54. axb5+ axb5 55. c5 Bh2 56. Ne5+ Kc7 57. Kd5 Bg3 58. Nd3 Bf2 59. c6 Bg1 60. Nc5 Kb6 61. Ne6 Bh2 62. c7 Kb7 63. Kc5 1-0

[Event "*** SCC Grand Prix: Titled Tuesday Blitz"]
[Site "Chess.com"]
[Date "2020.10.06"]
[Round "10"]
[White "NMZanette"]
[Black "Gerasimenyuk_Miha"]
[Result "0-1"]
[WhiteElo "2242"]
[BlackElo "2420"]
[TimeControl "180+1"]
[EndTime "11:59:07 PDT"]
[Termination "Gerasimenyuk_Miha won by checkmate"]

1. e4 d5 2. exd5 Qxd5 3. Nc3 Qa5 4. d4 Nf6 5. Bd2 Nc6 6. Nf3 Bg4 7. Bb5 O-O-O 8.
Bxc6 bxc6 9. h3 Qh5 10. Qe2 Bxf3 11. gxf3 Nd5 12. O-O-O e6 13. Qa6+ Kb8 14. Qxc6 Qxf3 15. Nb5 Bd6 16. Qa6 Qxf2 17. Nxa7 Ne7 18. Rhf1 Qxd4 19. Nb5 Qb6 20. Qa4 f6 21. Rf3 Kc8 22. Rb3 Nc6 23. Be3 Bc5 24. Qa8+ Nb8 25. Nd6+ Rxd6 26.
Rxd6 Bxe3+ 27. Kb1 Qxd6 28. Qxb8+ Kd7 29. Qb5+ Ke7 30. Rd3 Qe5 31. Qd7+ Kf8 32. Qd8+ Kf7 33. Qxh8 Bc5 34. a4 Qe1+ 35. Ka2 Qe4 36. b3 Qe2 37. Qd8 Qxc2+ 38. Ka1 Qc1+ 39. Ka2 Be7 40. Qd4 Qa3+ 41. Kb1 f5 42. Qb2 Qb4 43. Qc3 Qb6 44. Qc4 Bf6 45. Kc2 Qf2+ 46. Rd2 Qg1 47. Re2 Qa1 48.
Qxe6+ Kg6 49. Qe8+ Kh6 50. Qe3+ g5 51. Qd2 Qb2+ 52. Kd3 Qxb3+ 53. Qc3 Qxc3# 0-1

[Event "*** SCC Grand Prix: Titled Tuesday Blitz"]
[Site "Chess.com"]
[Date "2020.10.06"]
[Round "10"]
[White "nelsoncopa"]
[Black "ethylalcohol"]
[Result "0-1"]
[WhiteElo "1669"]
[BlackElo "2114"]
[TimeControl "180+1"]
[EndTime "11:59:09 PDT"]
[Termination "ethylalcohol won on time"]

1. d4 Nf6 2. c4 g6 3. Nc3 Bg7 4. e4 d6 5. f3 Nc6 6. Be3 e5 7. d5 Ne7 8. Qd2 O-O 9. Bd3 c5 10. Nge2 Ne8 11. Bh6 f5 12. Bxg7 Nxg7 13. h4 f4 14.
O-O-O a6 15. Rdg1 Bd7 16. g4 fxg3 17. Rxg3 Nh5 18. Rg5 Rxf3 19. Rhg1 Kh8 20. Rxh5 gxh5 21. Qh6 Qf8 22. Qxd6 Bg4 23. Qxe5+ Kg8 24. Kd2 Ng6 25. Qg5 Rf2 26. e5 Re8 27. e6 Qf4+ 28. Qxf4 Nxf4 29. Ke3 Nxd3 30. Kxd3 Ref8 31. Ne4 R8f3+ 32. Kd2 Rf4 33. Ke3 Rxe4+ 34. Kxe4 Rxe2+ 35. Kf4 Kf8 36. Rf1 Ke7 37. Kg5 Re5+ 38. Kh6 Rf5 39. Re1 Rf6+ 40. Kg5 Rg6+ 41.
Kf4 h6 42. Ke3 Kd6 43. Kd2 Rg7 44. b3 Bf5 45. Kc1 Re7 46. Rf1 Bg6 47. Rf6 Be8 48. Rxh6 b5 49. Kb2 bxc4 50. bxc4 a5 51. Kc3 a4 52. Kb2 Rg7 53. Kc3 Rg3+ 54. Kd2 Rg2+ 55. Ke3 Rxa2 56. Rh8 Ke7 57. Kf4 Bg6 58. Ke5 Re2+ 59.
Kf4 Re4+ 60. Kf3 Rxh4 61. Rh6 Rg4 62. Ke3 a3 63. Rh8 a2 64. Ra8 Rg2 0-1

[Event "*** SCC Grand Prix: Titled Tuesday Blitz"]
[Site "Chess.com"]
[Date "2020.10.06"]
[Round "10"]
[White "Chamal_Gedgafov"]
[Black "Teo2000"]
[Result "0-1"]
[WhiteElo "2181"]
[BlackElo "2412"]
[TimeControl "180+1"]
[EndTime "11:59:16 PDT"]
[Termination "Teo2000 won on time"]

1. d4 Nf6 2. c4 c5 3. d5 b5 4. cxb5 e6 5. Nc3 exd5 6. Nxd5 Bb7 7. Nxf6+ Qxf6 8. e3 d5 9. Be2 Bd6 10. Bf3 Qe6 11.
Ne2 Nd7 12. O-O O-O 13. Nf4 Bxf4 14. exf4 Nf6 15. Re1 Qd7 16. a4 Rfe8 17. b3 Rxe1+ 18. Qxe1 Re8 19. Qd1 Ne4 20. Bb2 f6 21. Qd3 Qf5 22.
g3 Nxg3 23. Qxf5 Nxf5 24. Rd1 Rd8 25. Ba3 Nd4 26. Bg4 Nxb3 27. Re1 c4 28. Re7 Bc8 29. Bd1 d4 30. Rxa7 d3 31. Rc7 Be6 32. Bb4 Rb8 33. f5 Bf7 34. Rc6 Nd4 35. Rc7 Nxf5 36. Bc3 h6 37. Bg4 Nd6 38. Bf3 f5 39. Rc6 Ne4 40.
Bxe4 fxe4 41. b6 Be8 42. Rd6 Bxa4 43. Rd4 Rxb6 44. Rxc4 Bc6 45. h4 Kf7 46. Kh2 Ra6 47.
Kg3 Kg6 48. Kf4 Bd5 49. Rc5 Ba8 50. Rc7 Kh5 51. Rxg7 Kxh4 52. Ke3 Kh5 53. Rh7 Rg6 54. Ra7 Bd5 55. Ra5 Rg5 56. Bf6 Rf5 57. Bd4 Kg4 58. Ra6 h5 59. Rd6 h4 60. Rg6+ Rg5 61. Rh6 h3 62.
Bf6 Rh5 63. Rg6+ Kf5 0-1

[Event "*** SCC Grand Prix: Titled Tuesday Blitz"]
[Site "Chess.com"]
[Date "2020.10.06"]
[Round "10"]
[White "Alexsur1981"]
[Black "DenLaz"]
[Result "0-1"]
[WhiteElo "2767"]
[BlackElo "2825"]
[TimeControl "180+1"]
[EndTime "11:59:33 PDT"]
[Termination "DenLaz won on time"]

1. e4 e5 2. f4 Bc5 3. Nf3 d6 4.
Bc4 Nf6 5. d3 O-O 6. Nc3 exf4 7. Bxf4 Nc6 8. Qd2 Be6 9. Bb3 Nd4 10. Rf1 Nd7 11. Be3 Nxf3+ 12. Rxf3 Ne5 13. Rg3 Qh4 14. Bxc5 dxc5 15. Qg5 Qxg5 16. Rxg5 Nd7 17.
Nb5 Rfc8 18. O-O-O Bxb3 19. axb3 b6 20. Rf1 a6 21. Nc3 c6 22. Nd1 f6 23. Rg3 g6 24.
Ne3 Kf7 25. Rh3 Rh8 26. g4 Kg7 27. Nc4 b5 28. Ne3 Ne5 29. Rg3 Rhf8 30. Kd1 a5 31. Ke2 a4 32. bxa4 Rxa4 33. g5 Ra2 34. b3 Ra7 35.
gxf6+ Rxf6 36. Rxf6 Kxf6 37. Rg1 Ke6 38. h4 Rf7 39.
Rh1 Nf3 40. c3 Ne5 41. Rh3 Ra7 42. Nc2 Ra2 43. Kd1 Rb2 44. b4 cxb4 45. cxb4 Ng4 46.
Kc1 Ra2 47. Rg3 Ne5 48. Nd4+ Kd6 49. Nc2 Ra8 50. Kd2 Rf8 51. Ke2 Rf4 52. Rh3 Rf7 53. Nd4 Ra7 54. Nc2 Ra2 55. Kd2 Ke6 56. Kc3 Kf6 57. Rh1 h6 58. Rf1+ Ke7 59. Rg1 Kf6 60. Rf1+ Ke6 61. Nd4+ Ke7 62. Nc2 Ra8 63.
Rg1 Rf8 64. d4 Rf3+ 65. Kd2 Nc4+ 66. Ke2 Rc3 67. Kd1 Kf6 68. Rf1+ Kg7 69. e5 Rd3+ 70.
Kc1 Nb6 0-1

[Event "*** SCC Grand Prix: Titled Tuesday Blitz"]
[Site "Chess.com"]
[Date "2020.10.06"]
[Round "10"]
[White "TheMagnet"]
[Black "Anton_Demchenko"]
[Result "0-1"]
[WhiteElo "2594"]
[BlackElo "2824"]
[TimeControl "180+1"]
[EndTime "11:59:35 PDT"]
[Termination "Anton_Demchenko won on time"]

1. d4 Nf6 2. c4 g6 3. Nc3 Bg7 4. e4 O-O 5. f4 d6 6. Nf3 e5 7. fxe5 dxe5 8. d5 Na6 9. Be2 Nc5 10. Bg5 h6 11. Bxf6 Bxf6 12. b4 Nd7 13. c5 Bg7 14. O-O b6 15. c6 Nf6 16. Nd2 a5 17. b5 Ne8 18. Qb3 Nd6 19. a4 h5 20. Nc4 Re8 21.
Nxd6 Qxd6 22. Qc4 Bh6 23. Rf3 Bg4 24. Rd3 f5 25. h3 Bxe2 26. Nxe2 Kh7 27. Rf1 f4 28. Kf2 Rad8 29. Ke1 Bf8 30. Kd1 Qf6 31. Kc2 Bd6 32. Kb3 g5 33. Qc2 Qg6 34. Rdf3 g4 35. hxg4 hxg4 36. Rh1+ Kg7 37. Rff1 Rh8 38. Qc3 Rxh1 39.
Rxh1 Qxe4 40. Qc4 Qxg2 41. Rh5 Qf3+ 42. Kc2 Rh8 43. Rxh8 Kxh8 44. Qd3 e4 45. Qd4+ Kh7 46.
Nc3 Qd3+ 47. Qxd3 exd3+ 48. Kxd3 g3 49. Ke2 Kg6 50. Ne4 Be5 51. d6 Kf7 52. d7 Ke7 53. Kf3 Bd4 54. Ng5 Bf6 55. Ne4 Bh4 56. Nc3 Kd8 57. Nd5 Bg5 58. Nc3 Ke7 59. Ne4 Bh4 60.
Nd2 Kd8 61. Nc4 Bg5 62. Ne5 Ke7 63. Ng4 Ke6 64. Kg2 Kf5 65. Nh6+ Ke4 66. Nf7 Be7 67. d8=Q Bxd8 68. Nxd8 Ke3 69. Ne6 f3+ 70. Kf1 g2+ 71.
Kg1 Ke2 72. Nd4+ Ke3 73. Ne6 Kd3 0-1

[Event "*** SCC Grand Prix: Titled Tuesday Blitz"]
[Site "Chess.com"]
[Date "2020.10.06"]
[Round "10"]
[White "sergeikim"]
[Black "vanea_03"]
[Result "0-1"]
[WhiteElo "2545"]
[BlackElo "2695"]
[TimeControl "180+1"]
[EndTime "11:59:38 PDT"]
[Termination "vanea_03 won by resignation"]

1. d4 d5 2. c4 dxc4 3. e3 e5 4.
Bxc4 exd4 5. exd4 Bd6 6. Nf3 Nf6 7. O-O O-O 8. Bg5 h6 9. Bh4 Nc6 10. h3 g5 11. Bg3 Bxg3 12. fxg3 g4 13. hxg4 Bxg4 14. d5 Ne5 15. Qd4 Nxf3+ 16. gxf3 Qd6 17. Kg2 Bf5 18. Nc3 Nh5 19. Qh4 Bg6 20. Rae1 Rae8 21. a3 Qb6 22. b4 a5 23. b5 Qd6 24. Ne4 Qxa3 25. Re2 Kg7 26. Rfe1 Qe7 27. Qh3 Qd8 28. Qh2 Nf6 29. g4 Bxe4 30. fxe4 Nxg4 31. Qg3 Qg5 32.
e5 f5 33. exf6+ Nxf6 34. Qxg5+ hxg5 35. Kg3 Rxe2 36. Rxe2 Re8 37. Rc2 Re7 38. Bb3 Ne4+ 39. Kg4 Kf6 40. Rc1 Nd6 41. Rf1+ Ke5 42. Re1+ Kf6 43.
Rf1+ Kg7 44. Kxg5 Re3 45. Bc2 Re5+ 46. Kg4 Rxd5 47. Re1 Rc5 48. Re2 Nxb5 49. Be4 c6 50. Bf5 Nd6 51. Re7+ Kf8 52. Rd7 Nxf5 53. Kg5 Ne7+ 54.
Kf6 Nd5+ 55. Ke6 Rb5 56. Rd8+ Kg7 57. Rd7+ Kg6 58. Rd8 a4 59. Ra8 Rb4 60. Rg8+ Kh7 61. Rg3 Rb3 62. Rg4 a3 63. Kf7 Kh6 64. Rh4+ Kg5 65.
Ra4 b5 66. Ra6 b4 67. Ke6 a2 68. Kd6 Ra3 69. Kxc6 Rxa6+ 70. Kxd5 a1=Q 71. Kc4 b3 72. Kb4 b2 73. Kb5 b1=Q+ 74. Kc5 Qe5+ 0-1

[Event "*** SCC Grand Prix: Titled Tuesday Blitz"]
[Site "Chess.com"]
[Date "2020.10.06"]
[Round "10"]
[White "alexrustemov"]
[Black "djano"]
[Result "1/2-1/2"]
[WhiteElo "2706"]
[BlackElo "2455"]
[TimeControl "180+1"]
[EndTime "11:59:38 PDT"]
[Termination "Game drawn by repetition"]

1. Nf3 g6 2. g3 Bg7 3. Bg2 Nf6 4.
O-O O-O 5. c4 c6 6. Nc3 d5 7.
cxd5 cxd5 8. d4 Ne4 9. Ne5 Nxc3 10. bxc3 Nc6 11. Nxc6 bxc6 12. Qa4 Qb6 13. Ba3 Qa6 14. Qxa6 Bxa6 15. Rfe1 Rfe8 16. e3 e6 17. Rab1 Rab8 18. Bd6 Rxb1 19. Rxb1 Bf8 20. Bxf8 Kxf8 21. Rb3 Bb5 22.
Bf1 a6 23. f3 Ke7 24. Kf2 Kd6 25. Be2 e5 26. Bd1 exd4 27. cxd4 Ba4 28. Rb1 Bxd1 29.
Rxd1 Rb8 30. Rd2 a5 31. e4 a4 32. Ke3 Rb1 33. e5+ Kc7 34. f4 h5 35. Kd3 c5 36. dxc5 Kc6 37. Rc2 Rb5 38. Kd4 Rb4+ 39. Kd3 Rb5 40. h3 Rb4 41. Ke3 Re4+ 42. Kf3 Rb4 43. g4 hxg4+ 44. hxg4 Rd4 45. Re2 Rd3+ 46. Re3 Rd2 47. Ra3 Rd4 48. f5 g5 49. Re3 Rf4+ 50.
Kg3 d4 51. Re2 d3 52. Rd2 Re4 53. Rxd3 Rxe5 54. Rd4 Re3+ 55. Kf2 Ra3 56. Rd8 Rxa2+ 57. Kf3 Ra3+ 58. Ke4 Rg3 59. Ra8 Rxg4+ 60. Ke5 Rf4 61. Ra7 Kxc5 62. Rxf7 a3 63. Rc7+ Kb4 64. Rb7+ Kc3 65.
Ra7 Kb2 66. Rb7+ Kc2 67. Rc7+ Kb2 68. Rb7+ Kc3 69. Rc7+ Rc4 70. Ra7 Kb2 71. f6 Rf4 72. Rb7+ Kc2 73. Rc7+ Kb2 74. Rb7+ Kc2 75. Rc7+ Kb2 76.
Rb7+ 1/2-1/2

[Event "*** SCC Grand Prix: Titled Tuesday Blitz"]
[Site "Chess.com"]
[Date "2020.10.06"]
[Round "10"]
[White "MikeSailer"]
[Black "zajka-molotok"]
[Result "1/2-1/2"]
[WhiteElo "2126"]
[BlackElo "2461"]
[TimeControl "180+1"]
[EndTime "11:59:46 PDT"]
[Termination "Game drawn by repetition"]

1. d4 Nf6 2. Nf3 d5 3. Bf4 e6 4. e3 Bd6 5. Nbd2 O-O 6. c3 Bxf4 7. exf4 b6 8. Bd3 Ba6 9. Qe2 Bxd3 10. Qxd3 c5 11.
O-O Nc6 12. Ne5 Rc8 13. Rae1 cxd4 14. Nxc6 Rxc6 15. Qxd4 Qd6 16. Nf3 Rc4 17. Qe5 Qxe5 18.
fxe5 Ne4 19. Re2 Ra4 20. a3 Rc8 21. Nd4 Rac4 22. f3 Nc5 23. Nb5 Ra4 24. Nd6 Rc7 25. f4 g6 26. g4 Nd3 27. f5 Rxg4+ 28. Kh1 exf5 29. Ne8 Re7 30. Nf6+ Kg7 31. Nxg4 fxg4 32. Rd2 Nxe5 33. Rxd5 Nf3 34. Kg2 Re2+ 35. Rf2 Re7 36.
h3 f5 37. hxg4 fxg4 38. b4 h5 39. c4 h4 40. Rxf3 gxf3+ 41. Kxf3 Kh6 42. c5 bxc5 43. bxc5 g5 44. c6 Rc7 45. Rc5 Kh5 46. a4 a5 47.
Kg2 Kg4 48. Rc4+ Kf5 49. Rc5+ Kf6 50. Kh3 Ke6 51. Rxg5 Rxc6 52. Rxa5 Rc4 53. Rh5 Rxa4 54. Rxh4 Ra3+ 55. Kg4 Ke5 56. Rh5+ Ke4 57. Rb5 Ra1 58.
Kg5 Rg1+ 59. Kf6 Rh1 60. Ra5 Rh6+ 61. Kg5 Rh8 62. Kg6 Rg8+ 63. Kf7 Rg2 64. Rb5 Kf4 65. Ra5 Rb2 66. Rc5 Rb6 67. Ra5 Rb7+ 68. Kf6 Rb6+ 69. Kf7 Rc6 70. Rb5 Ke4 71. Ra5 Kd4 72. Rh5 Rb6 73. Rg5 Ke4 74. Rh5 Kf4 75. Ra5 1/2-1/2

[Event "*** SCC Grand Prix: Titled Tuesday Blitz"]
[Site "Chess.com"]
[Date "2020.10.06"]
[Round "10"]
[White "FairChess_on_YouTube"]
[Black "LiamVrolijk"]
[Result "1-0"]
[WhiteElo "2986"]
[BlackElo "2835"]
[TimeControl "180+1"]
[EndTime "11:59:48 PDT"]
[Termination "FairChess_on_YouTube won by checkmate"]

1. d4 Nf6 2. Bg5 d5 3. Nd2 c5 4. dxc5 Qa5 5. Nf3 Nbd7 6. c3 Qxc5 7. g3 g6 8. Bg2 Bg7 9. O-O O-O 10. Nd4 Qc7 11. Nb5 Qb6 12. c4 a6 13. Be3 Qd8 14. Nc3 Nb6 15. Bxb6 Qxb6 16. cxd5 Qxb2 17. Rc1 Bd7 18.
Nc4 Qb4 19. Qb3 Qxb3 20. axb3 Rad8 21. d6 exd6 22. Bxb7 Rb8 23. Bxa6 Rxb3 24. Nd2 Rb2 25. Rfd1 Be6 26. Nde4 Nxe4 27. Nxe4 d5 28. Nc5 Ra8 29. Bd3 Bh6 30. Rc2 Rxc2 31. Bxc2 Bf8 32. Nxe6 fxe6 33. e3 Ra2 34. Bd3 Bb4 35. Bf1 Kf7 36. Bh3 Bd6 37. Rb1 Ra7 38. Rb6 Ke7 39. Bg4 h5 40. Be2 Ra1+ 41.
Kg2 Ra2 42. Bd3 g5 43. Bg6 Bc5 44. Rb7+ Kf6 45. Bxh5 Bxe3 46. Rf7+ Ke5 47. Bg4 Bc5 48.
h4 gxh4 49. gxh4 Ra4 50. Kg3 Ra3+ 51. f3 Ra8 52. h5 Rf8 53. Rb7 Bd6 54. h6 Kf6+ 55.
Kh4 Kg6 56. h7 Rh8 57. Bh5+ Kh6 58. Rf7 Rxh7 59. Rf6+ Kg7 60. Rxe6 Bf8 61. Kg5 Kg8 62. f4 Be7+ 63. Kg4 Rg7+ 64. Bg6 Bf8 65. f5 Re7 66.
Rc6 Re4+ 67. Kg5 Re1 68. f6 Rg1+ 69. Kf5 Rf1+ 70. Ke6 d4 71. Bf7+ Kh7 72. Rc2 Bh6 73. Rg2 d3 74. Bg6+ Kh8 75. Bxd3 Re1+ 76. Kf7 Ra1 77.
Rg8# 1-0